Map: Galactic Process LE

Players

Nickos - Winner!

  • Race: Terran Terran
  • League: Gold

voltageRt

  • Race: Zerg Zerg
  • League: Gold

VOD

Have the link to the VOD?

Description

Time

  • Played on: Sept. 22, 2016, 4:15 a.m.
  • Length: 9:40
Show
View Real Time Build Order
Export as new Build Order

Nickos Terran - Winner!

Build Orders: MMM Bio 

Get SALT Encoding   

  12  0:01  SCV  
  13  0:13  SCV  
  14  0:17  Supply Depot  
  14  0:25  SCV  
  15  0:38  SCV  
  15  0:40  Barracks  
  16  0:50  SCV  
  17  1:03  SCV  
  18  1:19  SCV  
  18  1:21  Command Center  
  19  1:31  Marine  
  19  1:32  Supply Depot  
  20  1:40  Orbital Command  
  20  1:52  Marine  
  21  2:00  Barracks  
  21  2:05  Barracks  
  21  2:08  SCV  
  22  2:18  Marine  
  22  2:20  SCV  
  22  2:21  Refinery  
  24  2:24  Refinery  
  24  2:32  SCV  
  24  2:34  Supply Depot  
  25  2:41  Orbital Command  
  25  2:44  Marine  
  25  2:46  SCV  
  27  2:57  Bunker  
  27  3:01  Marine x2  
  29  3:08  Marine  
  29  3:12  SCV  
  31  3:15  SCV  
  31  3:19  Marine  
  33  3:24  SCV  
  33  3:26  Marine  
  35  3:27  SCV  
  35  3:29  Bunker  
  35  3:34  Marine  
  36  3:36  SCV  
  36  3:39  SCV  
  39  3:48  Marine  
  39  3:50  Barracks Tech Lab  
  39  3:51  SCV  
  39  3:52  SCV  
  39  3:55  Supply Depot  
  42  3:56  Marine  
  42  3:58  Factory  
  42  4:04  SCV x2  
  44  4:13  Barracks Reactor  
  44  4:15  Barracks Reactor  
  44  4:16  SCV x2  
  46  4:28  SCV x2  
  46  4:29  Stimpack  
  48  4:34  Barracks  
  48  4:37  Engineering Bay x2, Marauder  
  50  4:40  SCV x2  
  50  4:42  Supply Depot  
  50  4:44  Factory Reactor  
  52  4:48  Starport  
  52  4:52  SCV  
  53  4:55  Marine x2  
  53  4:56  Marine  
  53  4:59  Marine  
  56  5:02  Marauder  
  56  5:05  Supply Depot  
  58  5:09  SCV x2  
  60  5:14  Terran Infantry Weapons Level 1  
  60  5:17  Marine  
  60  5:18  Refinery, Marine  
  62  5:22  Barracks Reactor  
  62  5:23  Marauder  
  64  5:29  Terran Infantry Armor Level 1, Supply Depot  
  64  5:31  Marine x2  
  64  5:35  Marine  
  67  5:36  Medivac, Marine  
  70  5:43  SCV x2  
  70  5:44  Refinery, Marine  
  70  5:48  Marine  
  70  5:49  Marine  
  75  5:53  Marine  
  75  5:55  SCV x2  
  78  6:06  Marine x2  
  78  6:10  Supply Depot  
  78  6:11  Command Center  
  80  6:14  Medivac, Supply Depot  
  80  6:15  Liberator  
  80  6:16  Marine  
  83  6:20  SCV x2  
  84  6:26  Marine x2  
  84  6:31  Combat Shields  
  84  6:32  SCV, Marauder, Marine  
  93  6:34  SCV  
  93  6:37  Marine  
  93  6:38  Marine x2  
  97  6:44  Marine x2, SCV  
  97  6:46  Medivac  
  102  6:51  Supply Depot  
  102  6:52  Supply Depot  
  102  7:05  Liberator  
  102  7:12  Marine x7  
  102  7:13  SCV  
  102  7:14  SCV  
  102  7:15  Medivac  
  116  7:25  SCV  
  116  7:26  SCV  
  118  7:30  Orbital Command, Marine x3  
  118  7:31  Marine x2  
  118  7:32  Marine  
  118  7:36  Marine  
  125  7:37  Armory, SCV  
  126  7:45  Medivac  
  126  7:48  Marine x3  
  126  7:49  SCV  
  126  7:50  SCV  
  133  7:52  Concussive Shells  
  133  7:59  Supply Depot  
  133  8:00  Supply Depot  
  133  8:03  Supply Depot  
  133  8:05  Medivac, Supply Depot  
  134  8:06  SCV x2  
  134  8:07  SCV  
  137  8:16  Liberator  
  137  8:18  SCV  
  138  8:20  Marine  
  138  8:21  Marine x3  
  142  8:27  Supply Depot x2  
  142  8:28  Supply Depot  
  142  8:29  SCV x2  
  142  8:30  Supply Depot, SCV  
  142  8:32  Liberator, Supply Depot, Marine x2  
  150  8:40  Marine x3  
  153  8:43  Supply Depot  
  153  8:46  Supply Depot  
  153  8:48  Marine x2  
  152  8:50  Marine x2  
  152  8:52  Missile Turret  
  152  8:55  Missile Turret  
  149  9:09  Marine x5  
  153  9:10  Marine x2  
  153  9:13  Supply Depot, SCV  
  153  9:14  Supply Depot, SCV x2  
Show
View Real Time Build Order
Export as new Build Order

voltageRt Zerg 

Build Orders: Hatch First, Muta Ling Bane 

Get SALT Encoding   

  12  0:01  Drone  
  13  0:08  Drone  
  14  0:17  Overlord  
  15  0:35  Drone x2  
  15  0:36  Drone  
  17  0:56  Hatchery  
  16  0:57  Drone  
  16  1:01  Drone  
  16  1:04  Extractor  
  17  1:09  Drone  
  18  1:21  Spawning Pool  
  18  1:23  Drone  
  18  1:42  Drone x2  
  20  1:51  Overlord  
  20  2:09  Queen  
  20  2:12  Queen  
  24  2:15  Metabolic Boost  
  24  2:18  Zergling x6  
  27  2:23  Drone  
  27  2:24  Drone  
  29  2:31  Overlord  
  29  2:35  Zergling x2  
  31  2:44  Zergling x2  
  31  2:56  Zergling x4  
  31  2:57  Zergling x2  
  34  3:06  Zergling x4  
  34  3:12  Lair  
  36  3:14  Zergling x2  
  37  3:26  Zergling x14  
  36  3:59  Drone  
  36  4:00  Drone x7  
  36  4:02  Overlord x2  
  44  4:03  Overlord  
  44  4:06  Pneumatized Carapace  
  44  4:18  Extractor  
  44  4:20  Extractor  
  42  4:31  Extractor  
  42  4:32  Baneling Nest, Drone x8  
  48  4:39  Drone x3  
  51  4:52  Drone  
  52  4:53  Drone x2  
  54  5:14  Drone  
  54  5:15  Drone x6  
  54  5:20  Centrifical Hooks  
  61  5:23  Zergling x4  
  61  5:25  Overseer  
  61  5:26  Spire  
  62  5:41  Hatchery  
  61  5:56  Zergling x2  
  62  5:57  Zergling x12  
  62  6:02  Overlord  
  62  6:03  Overlord x4  
  68  6:08  Baneling x4  
  68  6:10  Baneling x3  
  68  6:33  Evolution Chamber  
  68  6:36  Evolution Chamber  
  68  6:37  Mutalisk x6  
  78  6:40  Zergling x8  
  78  6:46  Zergling x2  
  83  6:48  Drone  
  84  7:07  Queen  
  86  7:10  Drone  
  86  7:11  Drone x9  
  86  7:13  Zerg Melee Weapons Level 1  
  86  7:14  Zerg Ground Armor Level 1  
  96  7:23  Baneling x7  
  96  7:25  Zergling x8  
  96  7:26  Zergling x2  
  101  7:39  Zergling x8  
  105  7:50  Infestation Pit  
  104  7:52  Zergling x2  
  104  7:53  Zergling x10  
  110  8:23  Mutalisk  
  110  8:24  Mutalisk  
  110  8:26  Overlord  
  110  8:27  Overlord x9  
  114  8:44  Extractor  
  114  8:47  Extractor  
  62  9:05  Mutalisk  
  62  9:06  Mutalisk x6  
Tags
 
Add a new tag
Caveats
  • Supply blocks, unpowered buildings, or Contaminate may cause inaccurate times.
  • Supply counts are checked every 10 seconds.